 Dungeon Crawl Stone Soup version 0.27-a0-46-g34d46f0a3f (webtiles) character file.

Game seed: 7326585273308025727

30 Borgoz the Ruffian (level 3, -3/30 HPs)
             Began as a Ghoul Gladiator on Jan 6, 2021.
             Slain by a kobold
             ... wielding a +0 short sword
              (5 damage)
             ... on level 2 of the Dungeon.
             The game lasted 00:01:00 (1116 turns).

Borgoz the Ruffian (Ghoul Gladiator)                Turns: 1116, Time: 00:01:00

Health: -3/30      AC:  4    Str: 17    XL:     3   Next: 18%
Magic:  2/2        EV: 12    Int:  3    God:
Gold:   88         SH:  0    Dex: 11    Spells: 2/2 levels left

rFire    . . .     SeeInvis .     - Unarmed
rCold    + . .     Faith    .   (no shield)
rNeg     + + +     Spirit   .   a - +0 leather armour
rPois    ∞         Reflect  .   b - +0 helmet
rElec    .         Harm     .   (no cloak)
rCorr    .         Rampage  .   (no gloves)
Will     .....                  (no boots)
Stlth    +.........             (no amulet)
HPRegen  0.00/turn              (no ring)
MPRegen  0.08/turn              (no ring)

@: no status effects
A: claws 1, cold resistance 1, negative energy resistance 3, inhibited
regeneration, torment resistance, unbreathing
a: no special abilities


You were on level 2 of the Dungeon.
You visited 1 branch of the dungeon, and saw 2 of its levels.

You collected 88 gold pieces.

Inventory:

Missiles
 c - 3 throwing nets (quivered)
Armour
 a - a +0 leather armour (worn)
 b - a +0 helmet (worn)
Scrolls
 e - a scroll of fear {unknown}
 f - 3 scrolls of identify {unknown}
 g - 3 scrolls of immolation {unknown}
 h - a scroll of enchant armour {unknown}
 i - a scroll of remove curse {unknown}
 j - a scroll of teleportation {unknown}
 l - a scroll of amnesia {unknown}


   Skills:
 + Level 2.4 Fighting
 - Level 1.7 Throwing
 + Level 1.0 Armour
 * Level 3.1 Dodging
 * Level 3.8 Unarmed Combat


You had 2 spell levels left.
You didn't know any spells.
Your spell library was empty.

Dungeon Overview and Level Annotations

Branches:
Dungeon (2/15)

Altars:


Innate Abilities, Weirdness & Mutations

You thrive by killing the living.
You are immune to poison.
You have sharp fingernails.
Your flesh is cold resistant. (rC+)
You are immune to negative energy. (rN+++)
You do not regenerate when monsters are visible.
You are immune to unholy pain and torment.
You can survive without breathing.


Message History

You kill the orc!
You feel better. The adder barely misses you. The orc misses you.
The orc hits you with a +0 whip. The adder bites you.
You barely miss the hobgoblin.
The hobgoblin hits you but does no damage.
The adder bites you but does no damage. The orc hits you but does no damage.
The hobgoblin completely misses you. The orc priest closely misses you.
The adder barely misses you.
The orc hits you with a +0 mace of protection.
The kobold hits you but does no damage.
You scratch the orc priest.
The orc priest is moderately wounded.
The hobgoblin hits you.
* * * LOW HITPOINT WARNING * * *
The adder bites you.
* * * LOW HITPOINT WARNING * * *
The orc priest hits you with a +0 flail.
* * * LOW HITPOINT WARNING * * *
The kobold hits you with a +0 short sword.
You die...

...#..# #..#.## #..#.
#..#.# #..#. ..##.# #...
..##.# #..# #.#..## #..#
#.....########..#
....#.......##.o####.###
##.########....o@o......
##.# #####SgK.....# ....
#.o....... ##..
#.......## # ..
.......## . . ##.......#
.# ........# #.......#


You could see an orc priest, an adder, 3 orcs, a hobgoblin and a kobold.

Vanquished Creatures
  A leopard gecko (D:2)
  An orc (D:2)
  A giant cockroach (D:1)
  2 goblins (D:1)
  A hobgoblin (D:1)
  2 jackals (D:1)
  A quokka (D:2)
  4 bats
  4 frilled lizards (D:1)
  3 kobolds (D:1)
  9 rats (D:1)
29 creatures vanquished.

Vanquished Creatures (others)
  A kobold (D:2)
1 creature vanquished.

Grand Total: 30 creatures vanquished

Notes
Turn   | Place    | Note
-------+----------+-------------------------------------------
     0 | D:1      | Borgoz the Ghoul Gladiator began the quest for the Orb.
     0 | D:1      | Reached XP level 1. HP: 17/17 MP: 0/0
   275 | D:1      | Reached XP level 2. HP: 24/24 MP: 1/1
   774 | D:1      | Reached XP level 3. HP: 30/30 MP: 2/2
  1019 | D:2      | Reached skill level 1 in Armour
  1116 | D:2      | Slain by a kobold

Illustrated notes

Levels and vault maps discovered:
D:1:      psy_arrival_radial01, layout_loops_ring, st_stairs_2,
          minmay_misc_feat_pillars, kennysheep_decorative_pillar
D:2:      layout_rooms, old_standard_altar, chequers_ecumenical_altar_grove,
          lemuel_old_faithful

Skill      XL: |  1  2  3 |
---------------+----------+-----
Dodging        | 3 |  3.1
Armour         | 1 |  1.0
Fighting       | |  2.4
Throwing       | |  1.7
Unarmed Combat | |  3.8

Action                   || total
-------------------------++-------
Melee: Unarmed           ||    95
  Use: Potion            ||     2
Armor: Leather armour    ||    37
Dodge: Dodged            ||    78

Table legend: (Time is in decaauts)
 A = Elapsed time spent in this place.
 B = Non-inter-level travel time spent in this place.
 C = Inter-level travel time spent in this place.
 D = Time resting spent in this place.
 E = Time spent auto-exploring this place.
 F = Levels seen in this place.
 G = Mean time per level.
                   A        B        C        D        E       F      G
               +--------+--------+--------+--------+--------+-----+--------+
         Total |   1109 |   1085 |     24 |    100 |    807 |   2 |  554.5 |
       Dungeon |   1109 |   1085 |     24 |    100 |    807 |   2 |  554.5 |
               +--------+--------+--------+--------+--------+-----+--------+

Top non-repeatable levels by time:
     D:1: 967 daAuts
     D:2: 142 daAuts
